cohdb
Replays
Latest Replays
All Replays
Popular Replays
Top Player Replays
Match Explorer
How It Works
Community
CoH3 Stats
Reddit
Sign in to upload your games and track your stats! →
Sign in with Steam
Match 41795670
Unlisted
Match 41795670
Overview
Messages
Build Orders
End
Kettenkrad Recon Vehicle
Selects Italian Coastal Battlegroup
Selects Coastal Reserves
Coastal Reserve
Coastal Reserve
Coastal Reserve
Construct Infanterie Kompanie
Construct Panzergrenadier Kompanie
MG 42 Machine Gun Team
Selects Artillery Officer
251 Medium Carrier
Medical Bunker
Panzergrenadier Officer Quarters
Pak 40 Anti-tank Gun Team
Panzergrenadier Squad
Pioneer Squad
Support Elements
Panzergrenadier Squad
Artillery Officer
Selects Obice da 210/22 Artillery Emplacement
StuG III G Assault Gun
Selects Support Bunkers
Selects Rapid Fortifications
Rapid Fortifications
Al_Ka_Pwn
TidaL
0
0
Comments
sign in to comment!
No comments posted yet!